 Dungeon Crawl Stone Soup version 0.21.1-1-g345015f (webtiles) character file.

4795 shakethe the Slicer (level 10, -10/80 HPs)
             Began as a Demonspawn Gladiator on Feb 27, 2018.
             Was an Elder of Trog.
             Mangled by a two-headed ogre
             ... wielding a +0 giant club
              (24 damage)
             ... on level 8 of the Dungeon.
             The game lasted 00:17:38 (8217 turns).

shakethe the Slicer (Demonspawn Gladiator)          Turns: 8217, Time: 00:17:39

Health: -10/80     AC:  6    Str: 19    XL:     10   Next: 24%
Magic:  0/21       EV: 16    Int: 11    God:    Trog [****..]
Gold:   465        SH:  0    Dex: 14    Spells: 9/9 levels left

rFire    . . .     SeeInvis .   K - +0 short sword (speed)
rCold    . . .     Gourm    .   (no shield)
rNeg     + . .     Faith    .   l - +3 leather armour of Vajyusek {rN+ Str+2}
rPois    .         Spirit   +   (helmet restricted)
rElec    .         Reflect  .   (no cloak)
rCorr    .         Harm     .   (gloves unavailable)
MR       +....                  (no boots)
Stlth    +.........             n - amulet of regeneration {+regen, !d}
HPRegen  0.63/turn              N - ring of protection from magic {MR+, !d}
MPRegen  0.17/turn              H - ring of magical power {MP+9}

@: berserk cooldown, slowed, very slow
A: antennae 2, claws 3, hooves 2, spiny 1, magic shield
a: Berserk, Trog's Hand, Brothers in Arms, Burn Spellbooks, Renounce Religion


You were on level 8 of the Dungeon.
You worshipped Trog.
Trog was greatly pleased with you.
You were very hungry.

You visited 1 branch of the dungeon, and saw 8 of its levels.
You also visited: Sewer.

You collected 465 gold pieces.

Inventory:

Hand Weapons
 a - a +0 blowgun
   (You took it off a kobold on level 3 of the Dungeon)
 K - a +0 short sword of speed (weapon)
   (You took it off Duvessa on level 7 of the Dungeon)
 L - a +1 dagger of draining
   (You took it off a goblin on level 5 of the Dungeon)
Missiles
 d - 3 throwing nets {=f, !d}
 r - 7 curare-tipped needles
Armour
 l - the +3 leather armour of Vajyusek (worn) {rN+ Str+2}
   (You found it on level 5 of the Dungeon)

   It affects your strength (+2).
   It protects you from negative energy.
Magical Staves
 B - an uncursed staff of summoning {unknown}
   (You found it on level 6 of the Dungeon)
Jewellery
 c - an uncursed ring of stealth {Stlth+}
   (You found it on level 6 of the Dungeon)
 n - an amulet of regeneration (around neck) {+regen, !d}
   (You found it on level 1 of the Dungeon)
 q - an uncursed amulet of faith {unknown}
   (You found it on level 2 of the Dungeon)
 H - a ring of magical power (right claw) {MP+9}
   (You found it on level 5 of the Dungeon)
 N - a ring of protection from magic (left claw) {MR+, !d}
   (You found it on level 7 of the Dungeon)
Wands
 w - a wand of acid (6)
   (You took it off a kobold on level 3 of the Dungeon)
 y - a wand of disintegration (15)
   (You found it on level 8 of the Dungeon)
 z - a wand of flame (61)
   (You found it on level 4 of the Dungeon)
 J - a wand of paralysis (8)
   (You found it on level 5 of the Dungeon)
 M - a wand of digging (12)
   (You found it on level 7 of the Dungeon)
Scrolls
 j - 4 scrolls of fear {unknown}
 k - a scroll of amnesia {unknown}
 m - 4 scrolls of random uselessness {unknown}
 o - a scroll of teleportation {unknown}
 p - 5 scrolls of remove curse
 v - a scroll of noise {unknown}
 A - 3 scrolls of fog {unknown}
 C - 3 scrolls of identify
 D - a scroll of enchant armour {unknown}
 I - a scroll of blinking {unknown}
Potions
 b - a potion of mutation {unknown}
 e - 4 potions of agility {unknown}
 g - 3 potions of curing
 h - 4 potions of resistance
 i - 2 potions of brilliance {unknown}
 t - a potion of ambrosia
 u - 4 potions of lignification {unknown}
 x - 2 potions of degeneration {unknown}
 F - a potion of berserk rage {unknown}
 G - 3 potions of haste {unknown}
Comestibles
 f - 15 rations


   Skills:
 + Level 7.6 Fighting
 - Level 8.0 Short Blades
   Level 3.1 Axes
 - Level 1.7 Throwing
 + Level 3.1 Armour
 + Level 7.2 Dodging
 + Level 3.1 Unarmed Combat
 - Level 3.0 Evocations


You had 9 spell levels left.
You didn't know any spells.

Dungeon Overview and Level Annotations

Branches:
Dungeon (8/15)             Temple (0/1) D:7
   Lair: D:8-11

Altars:
Qazlal
Trog

Annotations:
D:8 Maurice


Innate Abilities, Weirdness & Mutations

You have a pair of antennae on your head.
You have claws for hands.
You have hoof-like feet.
You are partially covered in sharp spines.
When hurt, damage is shared between your health and your magic reserves.


Message History

The killer bee is struck by your spines.
The killer bee completely misses you.
There is an open door, spattered with blood here.
You feel a strong urge to attack something.
You are no longer berserk.
You are exhausted.
You feel yourself slow down.
You now have 48/79 hp.
You barely miss the killer bee. The killer bee completely misses you.
You hit the killer bee but do no damage.
Your kick misses the killer bee.
The killer bee is struck by your spines.
The killer bee misses you. The killer bee stings you.
You take 1 damage, and have 47/79 hp.
You hit the killer bee but do no damage.
The killer bee misses you.
A killer bee comes into view.
The killer bee buzzes angrily.
You hit the killer bee but do no damage.
The killer bee is struck by your spines.
You kill the killer bee!
Trog accepts your kill.
The killer bee is struck by your spines.
The killer bee stings you. x2
A killer bee comes into view.
You take 2 damage, and have 45/79 hp.
You now have 11/21 mp.
You hit the killer bee. Your kick misses the killer bee.
The killer bee completely misses you.
You hit the killer bee but do no damage.
The killer bee is struck by your spines.
You kill the killer bee!
Trog accepts your kill.
A killer bee comes into view.
The killer bee is struck by your spines.
The killer bee closely misses you. The killer bee stings you.
You take 4 damage, and have 42/79 hp.
You now have 10/21 mp.
You hit the killer bee. You kick the killer bee.
The killer bee barely misses you.
The killer bee is struck by your spines.
The killer bee closely misses you.
You hit the killer bee.
The killer bee stings you but does no damage.
The killer bee barely misses you. The killer bee misses you.
The killer bee is struck by your spines.
You kill the killer bee!
Trog accepts your kill.
You closely miss the killer bee. The killer bee barely misses you.
A two-headed ogre comes into view.
It is wielding a giant club and a giant spiked club.
Unknown command.
You miss the killer bee.
The two-headed ogre shouts in stereo!
You kick the killer bee. Your claw misses the killer bee.
You hear a shout!
The killer bee misses you.
The killer bee is struck by your spines.
You kill the killer bee!
Trog accepts your kill.
Aim: a two-headed ogre, wielding a giant club and a giant spiked club (chance to defeat MR: 37%)
The two-headed ogre easily resists.
Maurice the Thief comes into view.
He is wielding a short sword.
The two-headed ogre hits you with a giant club.
The two-headed ogre hits you with a giant spiked club!!
You take 20 damage, and have 25/80 hp.
MASSIVE DAMAGE!!
You now have 5/21 mp.
You feel much better.
Maurice casts a spell.
Maurice flickers and vanishes!
Deactivating autopickup; reactivate with Ctrl-A.
The two-headed ogre is struck by your spines.
The two-headed ogre misses you.
The two-headed ogre hits you with a giant spiked club!!
You regained 3 hp, and now have 28/80 hp.
You now have 3/21 mp.
Aim: a two-headed ogre, wielding a giant club and a giant spiked club (lightly wounded, chance to defeat MR: 37%)
The two-headed ogre easily resists.
The two-headed ogre hits you with a giant club!!
* * * LOW HITPOINT WARNING * * *
The two-headed ogre closely misses you.
You take 26 damage, and have 2/80 hp.
MASSIVE DAMAGE!!
You now have 0/21 mp.
You feel much better. Something hits you.
Something steals 3 of your 4 scrolls labeled HEASUOPAUNN!
The two-headed ogre hits you with a giant club!
* * * LOW HITPOINT WARNING * * *
The two-headed ogre completely misses you.
You hear some strange, mumbled words.
You regained 13 hp, and now have 15/80 hp.
You feel much better.
The two-headed ogre is struck by your spines.
The two-headed ogre hits you with a giant club!!
* * * LOW HITPOINT WARNING * * *
The two-headed ogre hits you with a giant spiked club.
* * * LOW HITPOINT WARNING * * *
You take 2 damage, and have 13/80 hp.
You now have 0/21 mp.
Aim: a two-headed ogre, wielding a giant club and a giant spiked club (moderately wounded, chance to defeat MR: 37%)
The two-headed ogre easily resists.
The two-headed ogre hits you with a giant club!!
You die...

#.........#..##....#
#.........#####....#
########......#....#
#......#....#
#......#....#
+.....†#....#
#....))#.{>.#
....##'##....# .
#.†O@....#
+........#
#........#
#..##....#
##+##....# .....#
.....# ....# ..#


You could see a two-headed ogre.

Vanquished Creatures
  A two-headed ogre (D:5)
  The ghost of Mirai the Digger, a novice GrEE of Vehumet (D:6)
  The ghost of Serooblart the Skirmisher, an amateur MiBe of Trog (D:5)
  Grum (D:8)
  Duvessa (D:7)
  A black bear (D:7)
  An orc warrior (D:6)
  An ice beast (D:4)
  A necrophage (D:6)
  5 ogres
  3 wolves (D:8)
  2 crocodiles
  3 big kobolds
  5 bullfrogs
  Dowan (D:7)
  3 scorpions
  8 killer bees
  3 howler monkeys
  4 crimson imps
  A hound (D:6)
  A centaur skeleton (D:4)
  A bullfrog skeleton (D:8)
  2 jellies (D:4)
  2 orc wizards
  2 iguanas
  Natasha (thrice) (D:3)
  2 worker ants
  A hound skeleton (D:4)
  A worker ant zombie (D:7)
  3 gnolls (D:5)
  12 adders
  A howler monkey skeleton (D:5)
  2 shadow imps
  10 oozes
  An adder zombie (D:5)
  2 worms
  A dart slug (D:1)
  4 leopard geckos
  12 orcs
  4 ball pythons
  3 bats
  7 giant cockroaches
  10 goblins
  20 hobgoblins
  2 jackals (Sewer)
  45 kobolds
  3 quokkas
  2 frilled lizards
  A leopard gecko zombie (D:8)
  6 rats
213 creatures vanquished.

Vanquished Creatures (others)
  A fungus (D:4)
  10 toadstools (D:4)
11 creatures vanquished.

Grand Total: 224 creatures vanquished

Notes
Turn   | Place    | Note
-------+----------+-------------------------------------------
     0 | D:1      | shakethe the Demonspawn Gladiator began the quest for the Orb.
     0 | D:1      | Reached XP level 1. HP: 16/16 MP: 1/1
   156 | D:1      | HP: 4/16 [kobold/short sword (2)]
   481 | D:1      | Reached skill level 3 in Axes
   481 | D:1      | Gained mutation: You have large cloven feet. [demonic ancestry]
   481 | D:1      | Reached XP level 2. HP: 22/22 MP: 2/2
   825 | D:1      | Reached skill level 3 in Dodging
   990 | D:1      | Gained mutation: You have hoof-like feet. [demonic ancestry]
   990 | D:1      | Reached XP level 3. HP: 28/28 MP: 3/3
  1319 | D:2      | Reached skill level 1 in Short Blades
  1319 | D:2      | Gained mutation: You have sharp fingernails. [demonic ancestry]
  1319 | D:2      | Reached XP level 4. HP: 34/34 MP: 4/4
  1577 | D:2      | Reached skill level 2 in Short Blades
  1764 | D:2      | Reached skill level 3 in Fighting
  2032 | D:3      | Noticed Natasha
  2095 | D:3      | Killed Natasha
  2116 | D:3      | Noticed Natasha
  2125 | D:3      | Killed Natasha
  2125 | D:3      | Gained mutation: When hurt, damage is shared between your health and your magic reserves. [demonic ancestry]
  2125 | D:3      | Reached XP level 5. HP: 20/41 MP: 5/5
  2281 | D:3      | Noticed Natasha
  2286 | D:3      | Killed Natasha
  2358 | D:3      | Found a bloodstained altar of Trog.
  2369 | D:3      | Became a worshipper of Trog the Wrathful
  2470 | D:3      | Reached skill level 3 in Short Blades
  2489 | D:3      | Gained mutation: You have very sharp fingernails. [demonic ancestry]
  2489 | D:3      | Reached XP level 6. HP: 43/47 MP: 3/6
  2499 | D:3      | Reached skill level 4 in Dodging
  3481 | D:4      | Reached skill level 4 in Fighting
  3481 | D:4      | Reached skill level 4 in Short Blades
  3509 | D:4      | Gained mutation: You have a pair of small antennae on your head. [demonic ancestry]
  3509 | D:4      | Reached XP level 7. HP: 46/54 MP: 5/7
  3771 | D:4      | Reached * piety under Trog
  4389 | D:5      | Entered Level 5 of the Dungeon
  4389 | D:5      | Noticed Serooblart's ghost (amateur MiBe)
  4397 | D:4      | Reached skill level 5 in Short Blades
  4479 | D:5      | Killed Serooblart's ghost
  4479 | D:5      | Reached skill level 5 in Fighting
  4479 | D:5      | Reached skill level 5 in Dodging
  4479 | D:5      | Gained mutation: You have claws for hands. [demonic ancestry]
  4479 | D:5      | Reached XP level 8. HP: 62/62 MP: 4/8
  4746 | D:5      | Reached ** piety under Trog
  4820 | D:5      | Reached skill level 6 in Short Blades
  5177 | D:5      | Got a bronze leather armour
  5265 | D:5      | Noticed a two-headed ogre
  5293 | D:5      | Killed a two-headed ogre
  5293 | D:5      | Reached skill level 6 in Fighting
  5293 | D:5      | Reached skill level 7 in Short Blades
  5293 | D:5      | Reached skill level 2 in Evocations
  5425 | D:5      | Gained mutation: You have a pair of antennae on your head. [demonic ancestry]
  5425 | D:5      | Reached XP level 9. HP: 66/69 MP: 10/10
  5775 | D:6      | Reached *** piety under Trog
  5812 | D:6      | Reached skill level 6 in Dodging
  5862 | D:6      | Found a glowing drain.
  5913 | Sewer    | Entered a sewer
  6026 | Sewer    | Reached skill level 3 in Evocations
  6203 | Sewer    | Identified the +3 leather armour of Vajyusek {rN+ Str+2} (You found it on level 5 of the Dungeon)
  6255 | D:6      | Noticed Mirai's ghost (novice GrEE)
  6266 | D:6      | Killed Mirai's ghost
  6266 | D:6      | Reached skill level 8 in Short Blades
  6621 | D:6      | Reached skill level 1 in Armour
  6621 | D:6      | Reached skill level 1 in Unarmed Combat
  6670 | D:6      | Found a stormy altar of Qazlal.
  6911 | D:7      | Noticed Duvessa
  6988 | D:7      | Reached skill level 7 in Fighting
  6990 | D:7      | Noticed Dowan
  7000 | D:7      | Killed Duvessa
  7010 | D:7      | Killed Dowan
  7010 | D:7      | Reached skill level 2 in Armour
  7068 | D:7      | Found a staircase to the Ecumenical Temple.
  7140 | D:7      | Reached skill level 2 in Unarmed Combat
  7351 | D:7      | Gained mutation: You are partially covered in sharp spines. [demonic ancestry]
  7351 | D:7      | Reached XP level 10. HP: 53/79 MP: 12/12
  7456 | D:7      | Reached skill level 7 in Dodging
  7474 | D:7      | Reached **** piety under Trog
  8177 | D:8      | Noticed Grum
  8187 | D:8      | Killed Grum
  8192 | D:8      | Reached skill level 3 in Armour
  8196 | D:8      | Reached skill level 3 in Unarmed Combat
  8210 | D:8      | Noticed a two-headed ogre
  8212 | D:8      | Noticed Maurice
  8214 | D:8      | HP: 2/80 [two-headed ogre/giant club (27)]
  8217 | D:8      | Mangled by a two-headed ogre

Skill      XL: |  1  2  3  4  5  6  7  8  9 10 |
---------------+-------------------------------+-----
Axes           | 3 |  3.1
Dodging        | 3 4 5 6 7 |  7.2
Short Blades   | 1 2 3 4 5 7 8 |  8.0
Fighting       | 3 4 5 6 7 |  7.6
Evocations     | 2 3 |  3.0
Armour         | 2 3 |  3.1
Unarmed Combat | 2 3 |  3.1
Throwing       | |  1.7

Action                   |  1- 3 |  4- 6 |  7- 9 | 10-12 || total
-------------------------+-------+-------+-------+-------++-------
Melee: War axe           |    21 |       |       |       ||    21
       Short sword       |    58 |   189 |   278 |    64 ||   589
       Kick              |    15 |    56 |   159 |    18 ||   248
       Dagger            |       |       |   251 |       ||   251
       Punch             |       |       |       |     1 ||     1
Invok: Berserk           |       |       |     5 |     1 ||     6
       Burn Spellbooks   |       |       |     1 |     1 ||     2
       Trog's Hand       |       |       |     1 |       ||     1
Evoke: Wand              |       |     1 |     7 |     3 ||    11
  Use: Potion            |       |     1 |       |     3 ||     4
       Scroll            |       |     5 |       |     1 ||     6
 Stab: Sleeping          |     2 |       |       |       ||     2
       Paralysed         |       |       |     7 |       ||     7
  Eat: Chunk             |     1 |     8 |    13 |     3 ||    25
       Ration            |       |       |     1 |       ||     1
Armor: Leather armour    |    21 |    31 |    58 |     4 ||   114
Dodge: Dodged            |    37 |    97 |   341 |    38 ||   513

Vault maps used:
D:1:      grunt_arrival_crossed_arrows
D:2:      kennysheep_boxes
D:3:      cheibrodos_thug_alley, lemuel_round_altar, first_ration, uniq_natasha
D:4:      cheibrodos_fertilizer
D:5:      corexii_shantytown, serial_curves, eino_curves_02, eino_curves_02
D:6:      gup_sewer_entry_glass, grunt_qazlal_clouds
D:7:      minmay_temple_entry_trees, uniq_duvessa
D:8:      uniq_maurice, uniq_grum
Sewer:    sewer_the_crocodile

Table legend:
 A = Turns spent in this place as a percentage of turns spent in the entire game.
 B = Non-inter-level travel turns spent in this place as a percentage of non-inter-level travel turns spent in the entire game.
 C = Inter-level travel turns spent in this place as a percentage of turns spent in this place.
 D = Turns resting spent in this place as a percentage of non-inter-level travel turns spent in this place.
 E = Turns spent auto-exploring this place as a percentage of non-inter-level travel turns spent in this place.
 F = Non-inter-level travel turns spent in this place divided by the number of levels of this place that you've seen.
                   A       B       C       D       E      F
               +-------+-------+-------+-------+-------+----------------------
         Total | 100.0 | 100.0 |   3.3 |  14.2 |  56.7 | 882.8
       Dungeon |  96.1 |  96.0 |   3.4 |  12.7 |  58.0 | 953.1
         Sewer |   3.9 |   4.0 |   0.0 |  50.3 |  23.4 | 320.0
               +-------+-------+-------+-------+-------+----------------------

Table legend:
 A = Kills in this place as a percentage of kills in entire the game.
 B = Kills by you in this place as a percentage of kills by you in the entire game.
 C = Kills by friends in this place as a percentage of kills by friends in the entire game.
 D = Other kills in this place as a percentage of other kills in the entire game.
 E = Experience gained in this place as a percentage of experience gained in the entire game.
 F = Experience gained in this place divided by the number of levels of this place that you have seen.
                   A       B       C       D       E      F
               +-------+-------+-------+-------+-------+----------------------
         Total | 100.0 | 100.0 |   N/A |   N/A | 100.0 | 761.2
       Dungeon |  97.2 |  97.2 |   N/A |   N/A |  98.3 | 842.1
         Sewer |   2.8 |   2.8 |   N/A |   N/A |   1.7 | 114.0
               +-------+-------+-------+-------+-------+----------------------
